[Event "fics rated crazyhouse match"]
[Site "fics, Oklahoma City, OK USA"]
[Date "2000.01.09"]
[White "Yoba"]
[WhiteElo "2272"]
[Black "JKiller"]
[BlackElo "2469"]
[TimeControl "180+0"]
[Result "0-1"]

1. e4 e6 2. d4 Nc6 3. Nc3 Bb4 4. Nf3 Nf6 5. Bg5 Nxe4 6. Bxd8 
Nxc3 7. bxc3 Bxc3+ 8. N@d2 Kxd8 9. Bb5 Nxd4 10. Nxd4 Bxd4 11. O-O N@g5 
12. Nf3 N@h3+ 13. Kh1 Bxa1 14. Nxg5 R@g1+ 15. Rxg1 Nxf2# 
{Yoba checkmated} 0-1

[Event "fics rated crazyhouse match"]
[Site "fics, Oklahoma City, OK USA"]
[Date "2000.01.09"]
[White "JKiller"]
[WhiteElo "2473"]
[Black "Yoba"]
[BlackElo "2267"]
[TimeControl "180+0"]
[Result "1-0"]

1. e4 e6 2. d4 Nf6 3. e5 Nd5 4. Nf3 Nc6 5. Be2 d6 6. O-O 
Bd7 7. c4 Nb6 8. Nc3 Be7 9. Be3 O-O 10. a4 f6 11. exf6 Bxf6 
12. a5 Nc8 13. d5 Ne5 14. Nxe5 Bxe5 15. dxe6 Bxe6 16. N@g5 Bf5 17. P@f7+ 
Rxf7 18. Nxf7 Kxf7 19. f4 Bf6 20. Bg4 Bxg4 21. Qxg4 P@d7 22. f5 N@e5 
23. B@d5+ Ke7 24. Qh5 P@e6 25. fxe6 dxe6 26. Bxe6 B@g6 27. Qh3 P@g4 28. Bxg4 
Nxg4 29. Qxg4 P@f5 30. Nd5+ Kf8 31. N@e6+ Kg8 32. Nxd8 fxg4 33. Rxf6 gxf6 
34. Nxf6+ Kf8 35. Q@g8+ Ke7 36. R@e6# 
{Yoba checkmated} 1-0

[Event "fics rated crazyhouse match"]
[Site "fics, Oklahoma City, OK USA"]
[Date "2000.01.09"]
[White "Yoba"]
[WhiteElo "2262"]
[Black "JKiller"]
[BlackElo "2477"]
[TimeControl "180+0"]
[Result "0-1"]

1. e4 e6 2. d4 Nc6 3. Nf3 Nf6 4. Bg5 Be7 5. Nc3 d6 6. Bb5 
O-O 7. Bxc6 bxc6 8. e5 Nd5 9. Bxe7 Qxe7 10. Nxd5 exd5 11. O-O B@h5 
12. B@e2 f6 13. exd6 cxd6 14. N@f4 Bxf3 15. Bxf3 B@h6 16. N@g6 hxg6 17. Nxg6 
Qf7 18. B@h5 P@h7 19. Nxf8 Qxf8 20. P@f7+ Qxf7 21. Bxf7+ Kxf7 22. Re1 B@e6 
23. P@f5 P@e4 24. fxe6+ Bxe6 25. Q@b7+ N@c7 26. Qxc7+ P@d7 27. Bxe4 dxe4 28. Rxe4 
B@d5 29. B@f3 N@g5 30. P@b7 Rf8 31. b8=Q N@e8 32. Qxe8+ Rxe8 33. R@b8 N@h4 
34. Bh5+ g6 35. Rxe8 Kxe8 36. R@d8+ Ke7 37. N@c8+ Kf7 38. N@h8+ Kg7 39. Rxd7+ 
P@f7 40. Rxf7# 
{Yoba forfeits on time} 0-1

[Event "fics rated crazyhouse match"]
[Site "fics, Oklahoma City, OK USA"]
[Date "2000.01.09"]
[White "JKiller"]
[WhiteElo "2481"]
[Black "Yoba"]
[BlackElo "2257"]
[TimeControl "180+0"]
[Result "1-0"]

1. e4 e6 2. d4 Nf6 3. e5 Nd5 4. Nf3 d6 5. c4 Nb6 6. Be2 
Nc6 7. O-O dxe5 8. dxe5 Be7 9. Nc3 P@d4 10. Nb5 Nxe5 11. Nxe5 P@f6 
12. Nxf7 Kxf7 13. Qxd4 Qxd4 14. Nxd4 Bc5 15. Be3 Bxd4 16. Bxd4 N@f4 17. B@h5+ 
Nxh5 18. Bxh5+ B@g6 19. Bxg6+ hxg6 20. N@g5+ fxg5 21. N@e5+ Ke7 22. Q@f7+ Kd6 
23. B@e7# 
{Yoba checkmated} 1-0

[Event "fics rated crazyhouse match"]
[Site "fics, Oklahoma City, OK USA"]
[Date "2000.01.09"]
[White "Yoba"]
[WhiteElo "2253"]
[Black "JKiller"]
[BlackElo "2485"]
[TimeControl "180+0"]
[Result "0-1"]

1. e4 e5 2. Bc4 Nf6 3. Bxf7+ Kxf7 4. Nf3 Nc6 5. P@d5 Bd6 6. dxc6 
dxc6 7. d3 B@h5 8. Nc3 Rf8 9. N@g3 Bxf3 10. Qxf3 Bg4 11. B@h5+ Bxh5 
12. Nxh5 N@d4 13. B@b3+ P@d5 14. Qxf6+ gxf6 15. exd5 cxd5 16. Nxd5 Q@e2# 
{Yoba checkmated} 0-1

[Event "fics rated crazyhouse match"]
[Site "fics, Oklahoma City, OK USA"]
[Date "2000.01.09"]
[White "JKiller"]
[WhiteElo "2488"]
[Black "Yoba"]
[BlackElo "2249"]
[TimeControl "180+0"]
[Result "0-1"]

1. e4 e5 2. Nf3 Nc6 3. Bc4 Bc5 4. O-O Nf6 5. Nc3 O-O 6. d3 
d6 7. Bg5 h6 8. Bxf6 Qxf6 9. Nd5 Qd8 10. c3 Be6 11. N@f5 Bxd5 
12. exd5 Ne7 13. Nxh6+ gxh6 14. B@f6 B@g7 15. Bxg7 Kxg7 16. d4 exd4 17. cxd4 
Bb6 18. P@e5 f6 19. exf6+ Rxf6 20. P@e5 Rg6 21. P@f6+ Kh7 22. B@c2 B@f5 
23. fxe7 Rxg2+ 24. Kxg2 N@f4+ 25. Kg3 N@h5+ 26. Kh4 Qxe7+ 27. N@f6+ Qxf6+ 28. exf6 
N@g2# 
{JKiller checkmated} 0-1

[Event "fics rated crazyhouse match"]
[Site "fics, Oklahoma City, OK USA"]
[Date "2000.01.09"]
[White "Yoba"]
[WhiteElo "2265"]
[Black "JKiller"]
[BlackElo "2475"]
[TimeControl "180+0"]
[Result "0-1"]

1. e4 e6 2. Nc3 Nc6 3. d4 Bb4 4. d5 exd5 5. exd5 Qe7+ 6. Be2 
P@d4 7. dxc6 dxc3 8. bxc3 Bxc3+ 9. Bd2 Bxd2+ 10. Qxd2 N@e4 11. cxd7+ Bxd7 
12. B@b4 Nxd2 13. Bxe7 Nxe7 14. P@f6 B@c3 15. Q@e3 Ne4+ 16. P@d2 Bxd2+ 17. Qxd2 
Nxd2 18. fxe7 B@c3 19. B@g5 Nf3+ 20. Kf1 Nxg5 21. P@d6 P@d2 22. Nf3 Nxf3 
23. gxf3 Bh3+ 24. Kg1 Q@g2# 
{Yoba checkmated} 0-1

[Event "fics rated crazyhouse match"]
[Site "fics, Oklahoma City, OK USA"]
[Date "2000.01.09"]
[White "JKiller"]
[WhiteElo "2479"]
[Black "Yoba"]
[BlackElo "2260"]
[TimeControl "180+0"]
[Result "1-0"]

1. e4 Nf6 2. e5 Nd5 3. d4 e6 4. Nf3 Nc6 5. c4 Nb6 6. Be2 
Bb4+ 7. Bd2 O-O 8. O-O Bxd2 9. Nbxd2 d6 10. Ne4 B@e7 11. Rc1 f6 
12. exf6 Bxf6 13. Nxf6+ Rxf6 14. B@g5 N@e4 15. Bxf6 Qxf6 16. B@b1 Nxf2 17. Rxf2 
B@e3 18. Qd3 Bxf2+ 19. Kxf2 R@f5 20. P@g4 Rxf3+ 21. Bxf3 P@f5 22. Bxc6 bxc6 
23. R@e8+ B@f8 24. N@h5 Qf7 25. N@f6+ gxf6 26. Rxf8+ Qxf8 27. B@g7 Qxg7 28. Nxg7 
R@f4+ 29. B@f3 
{Yoba forfeits on time} 1-0

[Event "fics rated crazyhouse match"]
[Site "fics, Oklahoma City, OK USA"]
[Date "2000.01.09"]
[White "Yoba"]
[WhiteElo "2256"]
[Black "JKiller"]
[BlackElo "2483"]
[TimeControl "180+0"]
[Result "0-1"]

1. e4 e6 2. d4 Nc6 3. d5 exd5 4. exd5 Bb4+ 5. Nc3 Qe7+ 6. Be2 
P@d4 7. dxc6 dxc3 8. bxc3 Bxc3+ 9. Bd2 Bxd2+ 10. Qxd2 N@e4 11. N@d5 Nxd2 
12. Nxe7 Nxe7 13. B@c3 Ne4 14. P@h6 Nxc3 15. hxg7 P@d2+ 16. Kf1 Q@e1+ 17. Rxe1 
dxe1=Q+ 18. Kxe1 B@d2+ 19. Kxd2 N@e4+ 20. Ke3 Nf5+ 21. Kf4 B@g5+ 22. Kxf5 dxc6+ 
23. Ke5 R@d5# 
{Yoba checkmated} 0-1

[Event "fics rated crazyhouse match"]
[Site "fics, Oklahoma City, OK USA"]
[Date "2000.01.09"]
[White "JKiller"]
[WhiteElo "2486"]
[Black "Yoba"]
[BlackElo "2252"]
[TimeControl "180+0"]
[Result "1-0"]

1. e4 Nf6 2. e5 Ne4 3. d4 Nxf2 4. Kxf2 d6 5. Nf3 Nc6 6. Bb5 
Bd7 7. Bxc6 Bxc6 8. Rf1 Bxf3 9. Qxf3 dxe5 10. Qxf7+ Kd7 11. B@h3+ Kc6 
12. Qc4# 
{Yoba resigns} 1-0

[Event "fics rated crazyhouse match"]
[Site "fics, Oklahoma City, OK USA"]
[Date "2000.01.09"]
[White "Yoba"]
[WhiteElo "2248"]
[Black "JKiller"]
[BlackElo "2489"]
[TimeControl "180+0"]
[Result "0-1"]

1. e4 e6 2. Nc3 Nc6 3. d4 Bb4 4. Bc4 Nf6 5. d5 Nxe4 6. dxe6 
dxe6 7. Qxd8+ Kxd8 8. Q@d3+ Q@d4 9. Qxd4+ Nxd4 10. Q@d3 Q@e5 11. P@e3 Bxc3+ 
12. bxc3 Nxf2 13. Kxf2 N@g4+ 14. Kf1 P@e4 15. B@h4+ f6 16. cxd4 exd3 17. dxe5 
Q@d1+ 18. Q@e1 P@e2+ 19. Nxe2 dxe2+ 20. Bxe2 Qxe1+ 21. Bxe1 Nxe5 22. P@e7+ Kxe7 
23. Ba3+ P@d6 24. Rd1 Q@f5+ 25. P@f4 N@d5 26. Rxd5 exd5 27. N@d4 Qe4 28. N@g3 
Qxe3 29. N@f5+ Bxf5 30. Ngxf5+ Kd8 31. Q@e7+ Kc8 32. Nxe3 R@d7 33. Qxd7+ Nxd7 
34. B@e6 Q@a4 35. Bxd7+ Qxd7 36. Q@e6 Qxe6 37. Nxe6 B@d7 38. R@e7 Bxe6 39. Rxc7+ 
Kxc7 40. Bxd6# 
{Yoba forfeits on time} 0-1

[Event "fics rated crazyhouse match"]
[Site "fics, Oklahoma City, OK USA"]
[Date "2000.01.09"]
[White "JKiller"]
[WhiteElo "2492"]
[Black "Yoba"]
[BlackElo "2244"]
[TimeControl "180+0"]
[Result "0-1"]

1. e4 e6 2. d4 d6 3. Nc3 Nf6 4. Nf3 Nc6 5. Bd3 Be7 6. O-O 
e5 7. Bb5 Bd7 8. Bxc6 Bxc6 9. dxe5 dxe5 10. Nxe5 Nxe4 11. Nxc6 Nxc3 
12. Nxd8 Nxd1 13. Rxd1 B@b5 14. B@c6+ Bxc6 15. Nxc6 B@d7 16. Nxe7 P@e2 17. N@f6+ 
gxf6 18. N@g7+ Kxe7 19. B@a3+ P@d6 20. Q@e3+ N@e5 21. Qxe2 N@h3+ 22. Kh1 Nxf2+ 
23. Qxf2 N@g4 24. Bxd6+ cxd6 25. N@d5+ Kf8 26. B@e7+ Kg8 27. Nxf6+ Nxf6 28. Bxf6 
N@g4 29. N@e7+ Kf8 30. Ne6+ Ke8 31. Ng7+ Kf8 32. Ne6+ Ke8 33. Ng7+ Kd8 
34. P@c7+ Kxc7 35. Nd5+ Kc8 36. Ne7+ Kb8 37. P@c7+ Kxc7 38. Nd5+ Kc8 
{JKiller forfeits on time} 0-1

[Event "fics rated crazyhouse match"]
[Site "fics, Oklahoma City, OK USA"]
[Date "2000.01.09"]
[White "Yoba"]
[WhiteElo "2258"]
[Black "JKiller"]
[BlackElo "2479"]
[TimeControl "180+0"]
[Result "1-0"]

1. e4 e6 2. Nc3 Nc6 3. Nf3 Nf6 4. Bb5 d5 5. exd5 exd5 6. d4 
Bb4 7. Ne5 Qe7 8. Bxc6+ bxc6 9. O-O Bxc3 10. bxc3 B@b5 11. B@d3 Bxd3 
12. cxd3 B@b5 13. a4 Bxd3 14. Qxd3 P@e4 15. Qe2 P@f3 16. Nxf3 exf3 17. Qxe7+ 
Kxe7 18. Q@e3+ N@e4 19. Ba3+ Ke8 20. Qxf3 Bg4 21. P@d7+ Bxd7 22. N@e5 P@g4 
23. Qe3 N@f5 24. Qd3 h5 25. B@b7 Rd8 26. P@e7 Nxe7 27. Bxe7 Kxe7 28. Bxc6 
P@f3 29. Bxd7 Rxd7 30. N@f5+ Ke8 31. Nxd7 fxg2 32. Nxf6+ Nxf6 33. P@d7+ Kxd7 
34. B@c6+ Kxc6 35. Qb5# 
{JKiller checkmated} 1-0

[Event "fics rated crazyhouse match"]
[Site "fics, Oklahoma City, OK USA"]
[Date "2000.01.09"]
[White "JKiller"]
[WhiteElo "2467"]
[Black "Yoba"]
[BlackElo "2272"]
[TimeControl "180+0"]
[Result "0-1"]

1. e4 Nf6 2. e5 Nd5 3. d4 d6 4. Nf3 Nc6 5. c4 Nb6 6. Nc3 
dxe5 7. dxe5 Qxd1+ 8. Kxd1 Bg4 9. Bf4 Rd8+ 10. P@d5 P@c2+ 11. Kxc2 Nb4+ 
12. Kd1 Bxf3+ 13. gxf3 Q@c2+ 14. Ke1 N@d3+ 15. Bxd3 Nxd3+ 16. Kf1 Qxf2# 
{JKiller checkmated} 0-1

[Event "fics rated crazyhouse match"]
[Site "fics, Oklahoma City, OK USA"]
[Date "2000.01.09"]
[White "Yoba"]
[WhiteElo "2285"]
[Black "JKiller"]
[BlackElo "2455"]
[TimeControl "180+0"]
[Result "0-1"]

1. e4 e6 2. d4 Nc6 3. Nc3 Bb4 4. Nf3 Nf6 5. Bd3 d5 6. exd5 
exd5 7. O-O Bxc3 8. bxc3 P@e4 9. Re1 O-O 10. P@h6 gxh6 11. Bxh6 exf3 
12. Qxf3 P@e4 13. Qg3+ N@g4 14. Bxf8 Qxf8 15. Be2 N@f5 16. Qf4 Nxf2 17. P@g7 
Qxg7 18. R@g5 P@g6 19. Rxf5 Nh3+ 20. gxh3 gxf5+ 21. P@g5 R@g6 22. N@g3 Rxg5 
23. B@h4 B@h6 24. Bxg5 Bxg5 25. Qf2 B@e3 26. R@g2 P@f3 
{Yoba forfeits on time} 0-1

[Event "fics rated crazyhouse match"]
[Site "fics, Oklahoma City, OK USA"]
[Date "2000.01.09"]
[White "JKiller"]
[WhiteElo "2459"]
[Black "Yoba"]
[BlackElo "2280"]
[TimeControl "180+0"]
[Result "1-0"]

1. e4 e6 2. d4 Nf6 3. e5 Nd5 4. Nf3 Nc6 5. Be2 d6 6. O-O 
Be7 7. c4 Nb6 8. Nc3 O-O 9. Ne4 Bd7 10. Ng3 a6 11. Nh5 f6 
12. exf6 Bxf6 13. P@g5 Be7 14. Nxg7 Kxg7 15. P@f6+ Kg8 16. fxe7 Qxe7 17. d5 
exd5 18. cxd5 Nxd5 19. Qxd5+ P@e6 20. B@f6 Rxf6 21. gxf6 Qxf6 22. Qg5+ Qxg5 
23. Bxg5 P@g7 24. P@f6 N@h3+ 25. gxh3 P@g2 26. N@h6+ Kh8 27. fxg7+ Kxg7 28. Q@f6# 
{Yoba checkmated} 1-0

[Event "fics rated crazyhouse match"]
[Site "fics, Oklahoma City, OK USA"]
[Date "2000.01.09"]
[White "Yoba"]
[WhiteElo "2276"]
[Black "JKiller"]
[BlackElo "2463"]
[TimeControl "180+0"]
[Result "0-1"]

1. e4 e6 2. d4 Nc6 3. Nc3 Bb4 4. Nf3 Nf6 5. Bd3 d5 6. e5 
Ne4 7. Bd2 Nxf2 8. Kxf2 Nxd4 9. Nxd4 Qh4+ 10. Ke2 Qxd4 11. N@f3 Qb6 
12. Na4 Qa5 13. Bxb4 Qxb4 14. c3 N@f4+ 15. Kf1 Qf8 16. N@e2 Nxd3 17. Qxd3 
B@c4 18. B@b5+ Bxb5 19. Qxb5+ B@c6 20. Qc5 B@e7 21. Qd4 P@e4 22. Nd2 f6 
23. B@f2 fxe5 24. Qxe5 P@e3 25. P@f4 exf2 26. N@h5 B@f6 27. Qxc7 Bxa4 28. Nxf6# 
{Yoba forfeits on time} 0-1

[Event "fics rated crazyhouse match"]
[Site "fics, Oklahoma City, OK USA"]
[Date "2000.01.09"]
[White "JKiller"]
[WhiteElo "2467"]
[Black "Yoba"]
[BlackElo "2272"]
[TimeControl "180+0"]
[Result "1-0"]

1. e4 d5 2. exd5 Nf6 3. d4 Nxd5 4. Nf3 Bg4 5. h3 Bxf3 6. Qxf3 
Nc6 7. P@e6 fxe6 8. B@f7+ Kd7 9. Bxe6+ Kxe6 10. Bc4 B@a5+ 11. Bd2 Nxd4 
12. Qxd5+ Qxd5 13. Bxd5+ Kxd5 14. N@f4+ Kc6 15. Q@d5+ Kb6 16. Qxa5+ Kc6 17. Qd5+ 
Kb6 18. Qxd4+ B@c5 19. N@a4+ Kc6 20. Qd5+ Kb5 21. Qxc5+ Ka6 22. P@b5# 
{Yoba checkmated} 1-0

[Event "fics rated crazyhouse match"]
[Site "fics, Oklahoma City, OK USA"]
[Date "2000.01.09"]
[White "fisherman"]
[WhiteElo "2201"]
[Black "LINDEGREN"]
[BlackElo "2220"]
[TimeControl "120+0"]
[Result "1-0"]

1. e4 Nf6 2. Nc3 e6 3. d4 d5 4. e5 Ne4 5. Nxe4 dxe4 6. Nh3 
Nc6 7. Be3 Bb4+ 8. c3 Be7 9. Be2 Rg8 10. O-O N@f5 11. Nf4 Bd7 
12. Qc2 Bg5 13. Qxe4 Bxf4 14. Bxf4 N@g6 15. Bf3 Nxf4 16. Qxf4 B@h6 17. Qe4 
Rb8 18. B@a3 Nce7 19. P@f6 gxf6 20. exf6 Bc6 21. fxe7 Bxe4 22. exd8=Q+ Kxd8 
23. Bxe4 P@d6 24. N@f6 Ke7 25. N@d5+ exd5 26. Nxd5+ Kf8 27. N@d7+ Ke8 28. N7f6+ 
Kf8 29. Nxh7+ Kg7 30. Bxf5 P@g6 31. P@g5 Kxh7 32. Nf6+ Kg7 33. gxh6+ Kxf6 
34. N@d5+ Kxf5 35. Q@f6# 
{LINDEGREN resigns} 1-0

[Event "fics rated crazyhouse match"]
[Site "fics, Oklahoma City, OK USA"]
[Date "2000.01.09"]
[White "LINDEGREN"]
[WhiteElo "2212"]
[Black "fisherman"]
[BlackElo "2209"]
[TimeControl "120+0"]
[Result "1-0"]

1. e4 Nf6 2. Nc3 d5 3. exd5 Nxd5 4. d4 e6 5. Nf3 Nc6 6. Bd2 
Be7 7. P@e4 Nf6 8. Bd3 P@b4 9. Nb5 a6 10. Nxc7+ Qxc7 11. e5 Nd5 
12. P@d6 Bxd6 13. exd6 Qxd6 14. B@c5 Qd8 15. Ne5 P@d6 16. Nxc6 bxc6 17. Bxd6 
Qxd6 18. P@e5 Qe7 19. N@d6+ Kd8 20. c4 bxc3 21. bxc3 N@b2 22. Qc2 Nxd3+ 
23. Qxd3 B@g6 24. P@e4 N@f4 25. Bxf4 Nxf4 26. Qf3 P@g5 27. Nxc8 Rxc8 28. B@d6 
N@d3+ 29. Kf1 Qd7 30. h4 B@e2+ 31. Qxe2 Nxe2 32. B@e7+ Ke8 33. N@f6+ gxf6 
34. N@g7# 
{fisherman checkmated} 1-0

[Event "fics rated crazyhouse match"]
[Site "fics, Oklahoma City, OK USA"]
[Date "2000.01.09"]
[White "Gobi"]
[WhiteElo "2335"]
[Black "pminear"]
[BlackElo "2362"]
[TimeControl "180+0"]
[Result "1-0"]

1. e4 e5 2. Nf3 Nc6 3. Bc4 Bc5 4. O-O Nf6 5. d3 d6 6. Bg5 
Bg4 7. Nbd2 h6 8. Bh4 g5 9. Bg3 Qd7 10. c3 Rg8 11. b4 Bb6 
12. a4 a5 13. b5 Nd8 14. Re1 h5 15. h3 h4 16. Bxe5 dxe5 17. P@e3 
B@d6 18. hxg4 Nxg4 19. B@f5 Nxf2 20. Bxd7+ Kxd7 21. Kxf2 P@f4 22. d4 B@g3+ 
23. Ke2 fxe3 24. N@f6+ Kc8 25. dxe5 exd2 26. P@d7+ Kb8 27. Qxd2 Bxe1 28. Kxe1 
P@f2+ 29. Kd1 R@h1+ 30. B@f1 N@e3+ 31. Qxe3 Bxe3 32. Q@c8+ Ka7 33. b6+ Kxb6 
34. Nd5+ Ka7 35. N@b5+ Ka6 36. Qxa8+ Q@a7 37. Nbxc7# 
{pminear checkmated} 1-0

[Event "fics rated crazyhouse match"]
[Site "fics, Oklahoma City, OK USA"]
[Date "2001.01.09"]
[White "tantheman"]
[WhiteElo "2368"]
[Black "AngelicK"]
[BlackElo "2374"]
[TimeControl "60+0"]
[Result "0-1"]

1. e4 e6 2. Nc3 d6 3. Nf3 Nc6 4. d4 Nf6 5. e5 Be7 6. exf6 
Bxf6 7. Be2 P@g4 8. O-O gxf3 9. Bxf3 Nxd4 10. N@h5 Nxf3+ 11. Qxf3 Rg8 
12. Qg3 B@e7 13. P@f4 Bxc3 14. bxc3 N@e2+ 15. Kh1 Nxg3+ 16. hxg3 P@e2 17. Rg1 
e5 18. Be3 exf4 19. Bxf4 P@h3 20. gxh3 Bxh3 21. P@g2 Bxg2+ 22. Rxg2 P@f3 
23. B@h3 P@g4 24. Nxg7+ Rxg7 25. B@f5 gxh3 26. P@d7+ Kf8 27. Bxh3 fxg2+ 28. Bxg2 
B@f1 29. Rxf1 exf1=Q+ 30. Bxf1 R@e1 31. B@g2 R@d1 32. N@e3 Rxf1+ 33. Bxf1 Rxf1+ 
34. Nxf1 B@f3+ 35. P@g2 Q@h3+ 36. R@h2 Bxg2+ 37. Kg1 N@f3# 
{tantheman checkmated} 0-1

[Event "fics rated crazyhouse match"]
[Site "fics, Oklahoma City, OK USA"]
[Date "2001.01.09"]
[White "AngelicK"]
[WhiteElo "2382"]
[Black "tantheman"]
[BlackElo "2360"]
[TimeControl "60+0"]
[Result "1-0"]

1. e4 e6 2. Nc3 b6 3. d4 Bb7 4. Bd3 Nf6 5. Nf3 Nc6 6. e5 
Nd5 7. Ne4 Be7 8. O-O O-O 9. c4 f5 10. exf6 Nxf6 11. Nxf6+ Bxf6 
12. P@e5 Be7 13. Bxh7+ Kxh7 14. N@g5+ Kh8 15. Qc2 B@f5 16. P@e4 Bg4 17. d5 
Nxe5 18. Nxe5 Bxg5 19. Bxg5 Qxg5 20. N@f7+ Rxf7 21. Nxf7+ Kg8 22. Nxg5 B@g6 
23. e5 Bxc2 24. Q@f7+ Kh8 25. R@f8+ Rxf8 26. Qxf8+ N@g8 27. Qxg8+ Kxg8 28. B@f7+ 
Kf8 29. R@e8# 
{tantheman checkmated} 1-0

[Event "fics rated crazyhouse match"]
[Site "fics, Oklahoma City, OK USA"]
[Date "2001.01.09"]
[White "tantheman"]
[WhiteElo "2352"]
[Black "AngelicK"]
[BlackElo "2389"]
[TimeControl "60+0"]
[Result "1-0"]

1. e4 e6 2. Nc3 Nc6 3. Nf3 Nf6 4. e5 Nd5 5. d4 d6 6. exd6 
cxd6 7. Bd3 P@f5 8. O-O Nxc3 9. bxc3 Be7 10. P@e5 dxe5 11. Nxe5 P@e4 
12. Bb5 Bd7 13. Bxc6 Bxc6 14. Nxc6 bxc6 15. N@e5 B@d7 16. B@c5 N@h4 17. Bxe7 
Qxe7 18. B@c5 B@d6 19. Bxd6 Qxd6 20. B@c5 Qb8 21. N@d6+ Kf8 22. Ndxf7+ Kg8 
23. P@h6 B@f3 24. hxg7 Kxg7 25. Bh6+ Kf6 26. P@g5# 
{AngelicK checkmated} 1-0

[Event "fics rated crazyhouse match"]
[Site "fics, Oklahoma City, OK USA"]
[Date "2001.01.09"]
[White "AngelicK"]
[WhiteElo "2380"]
[Black "tantheman"]
[BlackElo "2361"]
[TimeControl "60+0"]
[Result "1-0"]

1. e4 e6 2. Nc3 Nc6 3. d4 Nf6 4. Nf3 Bb4 5. e5 Nd5 6. Bd2 
Bxc3 7. bxc3 O-O 8. Bd3 f5 9. exf6 Nxf6 10. P@g5 P@e4 11. gxf6 exf3 
12. fxg7 fxg2 13. Rg1 N@f3+ 14. Qxf3 Rxf3 15. B@e2 Rxf2 16. Kxf2 Qf6+ 17. P@f4 
Qxg7 18. R@g3 P@g6 19. N@h5 Qf7 20. N@h6+ Kf8 21. Nxf7 Kxf7 22. Q@g7+ Ke8 
23. Nf6+ Kd8 24. Qf8+ N@e8 25. Qxe8# 
{tantheman checkmated} 1-0

[Event "fics rated crazyhouse match"]
[Site "fics, Oklahoma City, OK USA"]
[Date "2001.01.09"]
[White "tantheman"]
[WhiteElo "2353"]
[Black "AngelicK"]
[BlackElo "2388"]
[TimeControl "60+0"]
[Result "0-1"]

1. e4 e6 2. Nc3 d6 3. Nf3 Nc6 4. d4 Nf6 5. Bb5 Bd7 6. Bxc6 
bxc6 7. N@g3 Be7 8. O-O O-O 9. e5 Nd5 10. exd6 cxd6 11. Nxd5 exd5 
12. P@h6 gxh6 13. Bxh6 N@g4 14. P@g5 P@e4 15. Bxf8 Qxf8 16. Nh4 P@f3 17. gxf3 
exf3 18. Qxf3 P@e4 19. Qxg4 Bxg4 20. P@g2 B@f3 21. Nhf5 Bxg5 22. N@h6+ Bxh6 
23. Nxh6+ Qxh6 24. N@e7+ Kh8 25. h3 Bxg2 26. R@h2 B4xh3 27. B@e3 N@e2+ 28. Nxe2 
N@f3# 
{tantheman checkmated} 0-1

[Event "fics rated crazyhouse match"]
[Site "fics, Oklahoma City, OK USA"]
[Date "2001.01.09"]
[White "AngelicK"]
[WhiteElo "2395"]
[Black "tantheman"]
[BlackElo "2346"]
[TimeControl "60+0"]
[Result "0-1"]

1. e4 e6 2. Nc3 Nc6 3. d4 Nf6 4. Nf3 Bb4 5. Bd3 d5 6. e5 
Ne4 7. Bd2 Bxc3 8. bxc3 Nxd2 9. Nxd2 B@b2 10. N@h5 Qg5 11. B@f4 Qxg2 
12. Rf1 Bxc3 13. Bg3 N@f3+ 14. Qxf3 Qxf3 15. Nxg7+ Kd8 16. P@d6 Bxd2+ 17. Kxd2 
P@c3+ 18. Kc1 Q@b2# 
{AngelicK checkmated} 0-1

[Event "fics rated crazyhouse match"]
[Site "fics, Oklahoma City, OK USA"]
[Date "2001.01.09"]
[White "tantheman"]
[WhiteElo "2355"]
[Black "AngelicK"]
[BlackElo "2386"]
[TimeControl "60+0"]
[Result "0-1"]

1. e4 e6 2. Nc3 Nc6 3. Nf3 Nf6 4. e5 Nd5 5. d4 d6 6. exd6 
cxd6 7. Be2 Be7 8. P@h3 Nxc3 9. O-O Nxd1 10. Bxd1 P@e4 11. N@h5 Rg8 
12. Ne1 Nxd4 13. Be3 P@e2 14. Bxe2 Nxe2+ 15. Kh1 Bd7 16. f3 exf3 17. Nxf3 
Bc6 18. Rae1 P@g6 19. Ng3 Nxg3+ 20. hxg3 N@f5 21. P@h2 N@e4 22. P@e5 Nexg3+ 
23. hxg3 Nxg3+ 24. Kh2 Nxf1+ 25. Rxf1 dxe5 26. N@e2 B@f4+ 27. Bxf4 exf4 28. Nxf4 
Bxf3 29. Rxf3 P@g3+ 30. Rxg3 Bh4 31. B@f2 P@e3 32. B@e1 exf2 33. Bxf2 N@f1+ 
34. Kg1 Nxg3 35. P@d7+ Qxd7 36. Bxg3 Bxg3 
{tantheman resigns} 0-1

[Event "fics rated crazyhouse match"]
[Site "fics, Oklahoma City, OK USA"]
[Date "2001.01.09"]
[White "AngelicK"]
[WhiteElo "2393"]
[Black "tantheman"]
[BlackElo "2348"]
[TimeControl "60+0"]
[Result "1-0"]

1. e4 e6 2. Nc3 Nc6 3. Nf3 Nf6 4. e5 Bb4 5. exf6 Qxf6 6. d4 
Bxc3+ 7. bxc3 N@e4 8. B@g5 Nxg5 9. Bxg5 Qg6 10. Bd3 P@e4 11. N@f4 Qf5 
12. N@g3 Qg4 13. Bxe4 B@f5 14. Bxf5 exf5 15. B@h5 Qxh5 16. Ngxh5 B@f8 17. Ne5 
B@d8 18. Bxd8 Nxd8 19. P@f6 B@g5 20. fxg7 Bxg7 21. Nxg7+ Kf8 22. Nxf5 P@g7 
23. Qg4 h6 24. Qxg5 hxg5 25. P@e7+ Kg8 26. exd8=Q+ Kh7 27. Qxh8+ Kxh8 28. Nxf7+ 
Kg8 29. Q@e8+ Kh7 30. Nxg5# 
{tantheman checkmated} 1-0

[Event "fics rated crazyhouse match"]
[Site "fics, Oklahoma City, OK USA"]
[Date "2001.01.09"]
[White "tantheman"]
[WhiteElo "2341"]
[Black "AngelicK"]
[BlackElo "2400"]
[TimeControl "60+0"]
[Result "0-1"]

1. e4 e6 2. Nc3 d6 3. Nf3 Nc6 4. d4 Nf6 5. Bd3 Be7 6. O-O 
O-O 7. e5 Nd5 8. Nxd5 exd5 9. exd6 cxd6 10. P@h6 gxh6 11. Bxh6 N@g4 
12. P@g5 P@e4 13. Bxf8 Qxf8 14. N@h6+ Nxh6 15. gxh6 Qxh6 16. Bxe4 dxe4 17. P@g5 
Bxg5 18. Nxg5 Qxg5 19. R@g3 P@g4 20. B@e3 P@f4 21. Bxf4 Qxf4 22. P@e3 Qh6 
23. Rxg4+ Bxg4 24. Qxg4+ R@g5 25. Qxg5+ Qxg5 26. R@g3 N@e2+ 27. Kh1 Nxg3+ 28. fxg3 
P@f3 29. gxf3 B@g2+ 30. Kxg2 N@h4+ 31. Kf2 Q@g2+ 32. Ke1 Qxe3# 
{tantheman resigns} 0-1

[Event "fics rated crazyhouse match"]
[Site "fics, Oklahoma City, OK USA"]
[Date "2001.01.09"]
[White "AngelicK"]
[WhiteElo "2407"]
[Black "tantheman"]
[BlackElo "2334"]
[TimeControl "60+0"]
[Result "0-1"]

1. e4 b6 2. Nc3 Bb7 3. d4 e6 4. Bd3 Nc6 5. Nf3 Nb4 6. O-O 
Nxd3 7. cxd3 Nf6 8. e5 Ng4 9. Bg5 Be7 10. Bxe7 Qxe7 11. Ne4 B@c6 
12. B@h4 Qxh4 13. Nxh4 Bxe4 14. dxe4 Nxh2 15. Qg4 Nxg4 16. B@g3 Bxe4 17. Q@f4 
N@h3+ 18. Kh1 Nxf4 19. Bxf4 P@g5 20. N@h5 gxf4 21. N@f6+ Kd8 
{AngelicK resigns} 0-1

[Event "fics rated crazyhouse match"]
[Site "fics, Oklahoma City, OK USA"]
[Date "2001.01.09"]
[White "tantheman"]
[WhiteElo "2344"]
[Black "AngelicK"]
[BlackElo "2397"]
[TimeControl "60+0"]
[Result "0-1"]

1. e3 e6 2. b3 d6 3. Bb2 Nf6 4. Nf3 Nc6 5. d4 Be7 6. Bd3 
O-O 7. O-O d5 8. Nbd2 b6 9. e4 Bb7 10. exd5 exd5 11. c4 P@e4 
12. cxd5 exd3 13. dxc6 Bxc6 14. N@e5 B@b7 15. Nxc6 Bxc6 16. P@e5 P@e2 17. Qe1 
exf1=Q+ 18. Qxf1 R@g6 19. P@g5 Ne4 20. Qxd3 Nxd2 21. Nxd2 Rxg5 22. P@g3 P@h3 
23. gxh3 N@h4 24. B@e4 Bxe4 25. Qxe4 B@d5 26. Qxh4 Rxe5 27. dxe5 Bxh4 28. P@f3 
Bg5 29. P@f4 Q@e2 30. B@g2 Qxd2 31. fxg5 N@d3 32. B@e3 Qxb2 33. Rf1 P@e2 
34. N@g4 exf1=Q+ 35. Bxf1 R@e1 36. N@h6+ Kh8 37. P@f6 Rg8 38. fxg7+ Rxg7 39. P@f6 
N@e2+ 40. Kg2 B@h1+ 41. Kxh1 Bxf3+ 42. B@g2 Rxf1+ 43. R@g1 Rxg1# 
{tantheman checkmated} 0-1